 Dungeon Crawl Stone Soup version 0.29.1-1-gd02db6906a (webtiles) character file.

Game seed: 12794683541515636442

211419 Isauros the Crack Shot (level 18, 0/133 (156) HPs)
             Began as a Minotaur Hunter on Sept 16, 2022.
             Was the Champion of the Shining One.
             Hit by a silver javelin thrown by a merfolk javelineer (6 damage)
             ... on level 4 of the Shoals on Sept 17, 2022.
             The game lasted 04:21:59 (37939 turns).

Isauros the Crack Shot (Minotaur Hunter)           Turns: 37939, Time: 04:21:59

HP:   0/133 (156)   AC: 19    Str: 18    XL:     18   Next: 21%
MP:   25/25         EV: 17    Int:  6    God:    the Shining One [******]
Gold: 668           SH:  0    Dex: 20    Spells: 17/17 levels left

rFire   + . .      SeeInvis .   s - +9 triple crossbow of the Leaping Wasp {freeze, rPois rCorr Stlth+}
rCold   + + .      Faith    .   (shield currently unavailable)
rNeg    + + +      Spirit   .   a - +7 Kryia's mail coat {PotionHeal*2 rC+}
rPois   +          Reflect  .   r - -2 hat of the Alchemist {rElec rPois rF+ rC+ rN+ Will+ rMut rCorr}
rElec   +          Harm     .   M - +0 cloak
rCorr   +          Rampage  .   q - +0 pair of gloves
rMut    +          Rage     3%  g - +0 pair of boots
Will    ++...                   H - amulet of regeneration
Stlth   ++........              Y - +4 ring of slaying
HPRegen 1.12/turn               Q - ring "Ycvazaca" {rPois Slay+4}
MPRegen 0.19/turn

@: glowing, studying 3 skills, heavily drained
A: horns 2, retaliatory headbutt, berserk 1
}: 1/15 runes: gossamer
a: Renounce Religion, Divine Shield, Cleansing Flame, Summon Divine Warrior,
Brand Weapon With Holy Wrath


You were on level 4 of the Shoals.
You worshipped the Shining One.
The Shining One was exalted by your worship.
You visited 5 branches of the dungeon, and saw 30 of its levels.
You visited 1 bazaar.
You also visited: Trove, Sewer, Bailey, Gauntlet and Volcano.

You collected 4195 gold pieces.
You spent 3527 gold pieces at shops.


Innate Abilities, Weirdness & Mutations

You have a pair of horns on your head.
You reflexively headbutt those who attack you in melee.
You sometimes lose your temper in combat.


   Skills:
 + Level 12.9 Fighting
 + Level 26.0 Ranged Weapons
 + Level 12.6 Armour
 + Level 12.1 Dodging
 + Level 9.8 Stealth
 + Level 10.7 Invocations


You had 17 spell levels left.
You didn't know any spells.
Your spell library contained the following spells:

 Spells                   Type           Power      Damage    Failure   Level
 Apportation              Tloc           0%         N/A       77%         1
 Foxfire                  Conj/Fire      0%         2x1d4     77%         1
 Magic Dart               Conj           0%         1d3       77%         1
 Necrotise                Necr           0%         1d4       77%         1
 Summon Small Mammal      Summ           0%         N/A       77%         1
 Blink                    Tloc           0%         N/A       88%         2
 Call Imp                 Summ           0%         N/A       88%         2
 Ensorcelled Hibernation  Hex/Ice        0%         N/A       88%         2
 Poisonous Vapours        Pois/Air       0%         N/A       88%         2
 Scorch                   Fire           0%         2d5       88%         2
 Static Discharge         Conj/Air       0%         3-3/arc   88%         2
 Sublimation of Blood     Necr           0%         N/A       88%         2
 Call Canine Familiar     Summ           0%         N/A       98%         3
 Conjure Flame            Conj/Fire      0%         6-21      98%         3
 Dazzling Flash           Conj/Hex       0%         N/A       98%         3
 Ignite Poison            Fire/Tmut/Pois 0%         N/A       98%         3
 Inner Flame              Hex/Fire       0%         N/A       98%         3
 Lesser Beckoning         Tloc           0%         N/A       98%         3
 Mephitic Cloud           Conj/Pois/Air  0%         N/A       98%         3
 Summon Guardian Golem    Hex/Summ       0%         N/A       98%         3
 Tukima's Dance           Hex            0%         N/A       98%         3
 Airstrike                Air            0%         2d(0-16)  100%        4
 Cause Fear               Hex            0%         N/A       100%        4
 Flame Wave               Conj/Fire      0%         2d4       100%        4
 Olgreb's Toxic Radiance  Pois           0%         N/A       100%        4
 Passage of Golubria      Tloc           0%         N/A       100%        4
 Petrify                  Tmut/Erth      0%         N/A       100%        4
 Sticky Flame             Conj/Fire      0%         2d3       100%        4
 Summon Ice Beast         Ice/Summ       0%         N/A       100%        4
 Summon Lightning Spire   Summ/Air       0%         N/A       100%        4
 Agony                    Necr           0%         N/A       100%        5
 Alistair's Intoxication  Tmut/Pois      0%         N/A       100%        5
 Borgnjor's Vile Clutch   Necr/Erth      0%         N/A       100%        5
 Irradiate                Conj/Tmut      0%         3d11      100%        5
 Iskenderun's Battlesphe  Conj           0%         2d6       100%        5
 Lightning Bolt           Conj/Air       0%         1d11      100%        5
 Manifold Assault         Tloc           0%         N/A       100%        5
 Silence                  Hex/Air        0%         N/A       100%        5
 Summon Forest            Summ/Tloc      0%         N/A       100%        5
 Summon Mana Viper        Hex/Summ       0%         N/A       100%        5
 Yara's Violent Unravell  Hex/Tmut       0%         3d3       100%        5
 Dispersal                Tloc           0%         N/A       100%        6
 Eringya's Noxious Bog    Tmut/Pois      0%         N/A       100%        6
 Iron Shot                Conj/Erth      0%         9d1       100%        6
 Summon Cactus Giant      Summ           0%         N/A       100%        6
 Monstrous Menagerie      Summ           0%         N/A       100%        7
 Ozocubu's Refrigeration  Ice            0%         4d7       100%        7
 Spellforged Servitor     Conj/Summ      0%         N/A       100%        7
 Summon Hydra             Summ           0%         N/A       100%        7
 Discord                  Hex            0%         N/A       100%        8
 Disjunction              Tloc           0%         N/A       100%        8
 Ignition                 Fire           0%         3d3       100%        8
 Maxwell's Capacitive Co  Air            0%         ∞         100%        8
 Polar Vortex             Ice            0%         N/A       100%        9

Inventory:

Hand Weapons
 s - the +9 triple crossbow of the Leaping Wasp (weapon) {freeze, rPois rCorr Stlth+}
   (You found it in a treasure trove)

   Any ammunition fired from it freezes those it strikes, dealing additional
   cold damage.
   It can also slow down cold-blooded creatures.
   rPois:     It protects you from poison.
   rCorr:     It protects you from acid and corrosion.
   Stlth:     It makes you more stealthy.
Missiles
 I - 2 throwing nets {=f}
Armour
 a - the +7 Kryia's mail coat (worn) {PotionHeal*2 rC+}
   (You bought it in a shop in a bazaar)

   Potions are twice as effective at healing its wearer.
   rC:        It protects you from cold.
 f - a +2 hat
 g - a +0 pair of boots (worn)
 q - a +0 pair of gloves (worn)
 r - the -2 hat of the Alchemist (worn) {rElec rPois rF+ rC+ rN+ Will+ rMut rCorr}
   (You acquired it in a treasure trove)

   rF:        It protects you from fire.
   rC:        It protects you from cold.
   rElec:     It insulates you from electricity.
   rPois:     It protects you from poison.
   rN:        It protects you from negative energy.
   rCorr:     It protects you from acid and corrosion.
   rMut:      It protects you from mutation.
   Will:      It increases your willpower.
 L - +0 fire dragon scales
 M - a +0 cloak (worn)
 V - a +2 scale mail of fire resistance
 W - a +3 chain mail of fire resistance
 Z - the +0 crystal plate armour of Wariness {rN+}
   (You found it in a treasure trove)

   rN:        It protects you from negative energy.
Jewellery
 v - a ring of see invisible
 x - the ring "Zumip" {Drain rPois rN+ rCorr Dex+4}
   (You took it off a centaur warrior on level 13 of the Dungeon)

   [ring of poison resistance]

   Dex:       It affects your dexterity (+4).
   rPois:     It protects you from poison.
   rN:        It protects you from negative energy.
   rCorr:     It protects you from acid and corrosion.
   Drain:     It drains your maximum health when unequipped.
 C - a ring of protection from cold
 D - a +6 ring of dexterity
 F - a ring of protection from fire
 H - an amulet of regeneration (around neck)
 N - a ring of positive energy
 Q - the ring "Ycvazaca" (right hand) {rPois Slay+4}
   (You found it on level 14 of the Dungeon)

   [ring of slaying]

   Slay:      It affects your accuracy & damage with ranged weapons and melee
   (+4).
   rPois:     It protects you from poison.
 Y - a +4 ring of slaying (left hand)
Wands
 m - a wand of digging (20)
Scrolls
 b - 7 scrolls of enchant armour
 c - a scroll of summoning
 h - 7 scrolls of teleportation {@r2}
 j - 2 scrolls of immolation
 n - a scroll of brand weapon
 p - 4 scrolls of poison
 u - 6 scrolls of enchant weapon
 y - 2 scrolls of amnesia
 A - 5 scrolls of silence {!r}
 E - 3 scrolls of fear
 K - 7 scrolls of butterflies
 S - 6 scrolls of noise
Potions
 d - 8 potions of curing {@q1}
 e - 3 potions of attraction
 i - 3 potions of flight
 k - 4 potions of invisibility
 l - 3 potions of lignification
 o - 5 potions of resistance
 w - 8 potions of magic
 B - 5 potions of haste {@q3}
 G - 7 potions of ambrosia
 J - 16 potions of mutation
 O - 4 potions of cancellation

Dungeon Overview and Level Annotations

Branches:
Dungeon (15/15) Temple (0/1) D:7 Lair (5/5) D:10 Shoals (4/4) Lair:3 Spider (4/4) Lair:3 Slime (0/5) Lair:4 Orc (2/2) D:11 Elf (0/3) Orc:2 Vaults (0/5) D:13 D:14 Depths (0/4) D:15 Sewer (visited) Bailey (visited) Volcano (visited) Gauntlet (visited)

Altars:
Ashenzari
Kikubaaqudgha
Ru
Sif Muna
Vehumet
Xom
Yredelemnul
Zin
The Shining One
Jiyva
Lugonu

Shops:
D:3 :   D:8 ?   Orc:2 :(?[[   Shoals:1 *

Portals:
Abyss: Lair:5

Annotations:
D:15 Roxanne

≈≈~~~~~~.....†~
≈≈~~~~~......†.
≈≈~~~~..~~....~
≈≈~~~...~~...~.
≈≈~~~..........
≈≈~~..mmmm.....
≈≈~~.....m.....
≈≈~~...@.m.....
≈≈~~.....m.....
≈≈~~...........
≈≈~~..~........
≈≈~~~.....~~...
≈≈~~~~~~~~~~~~~
≈≈≈≈~~~~~~~~~~~
≈≈≈≈≈≈≈≈≈≈≈≈≈≈≈


You could see a merfolk javelineer, 5 merfolk and a merfolk siren.


Message History

Aim: a merfolk javelineer, wielding a +0 spear, wearing a +0 leather armour and quivering silver javelins (haloed, 86% to hit)
You shoot a bolt. The bolt hits the merfolk javelineer!!
The bolt freezes the merfolk javelineer!
The merfolk javelineer is moderately wounded.
The merfolk javelineer throws a silver javelin.
The silver javelin pierces through you! The silver sears you!
* * * LOW HITPOINT WARNING * * *
The merfolk barely misses you.
The merfolk siren hits you but does no damage.
The merfolk hits you from afar with a +0 spear!
* * * LOW HITPOINT WARNING * * *
The merfolk throws a boomerang.
The boomerang completely misses you. The merfolk misses you.
The merfolk completely misses you.
The merfolk javelineer throws a silver javelin.
The silver javelin pierces through you!
* * * LOW HITPOINT WARNING * * *
The silver sears you!
* * * LOW HITPOINT WARNING * * *
Okay, then.
The merfolk siren hits you from afar with a +0 trident!
* * * LOW HITPOINT WARNING * * *
The merfolk barely misses you.
The merfolk hits you from afar with a +0 spear.
* * * LOW HITPOINT WARNING * * *
The merfolk hits you but does no damage.
The merfolk javelineer throws a silver javelin.
The silver javelin pierces through you!!
* * * LOW HITPOINT WARNING * * *
The silver sears you!
You die...

Skill      XL: |  1  2  3  4  5  6  7  8  9 10 11 12 13 14 15 16 17 18 |
---------------+-------------------------------------------------------+-----
Ranged Weapons | 5 6 7 8 9 11 13 15 18 19 20 23 25 26 | 26.0
Stealth        | 1 4 5 7 8 9 |  9.8
Fighting       | 3 5 7 9 11 12 | 12.9
Armour         | 1 5 7 9 10 12 | 12.6
Invocations    | 1 4 6 7 9 10 | 10.7
Dodging        | 5 7 8 10 11 12 | 12.1

Action                   |  1- 3 |  4- 6 |  7- 9 | 10-12 | 13-15 | 16-18 || total
-------------------------+-------+-------+-------+-------+-------+-------++-------
Melee: Arbalest          |       |       |       |       |     2 |     1 ||     3
 Fire: Shortbow          |    87 |   189 |   360 |   142 |       |       ||   778
       Arbalest          |       |       |       |   446 |  1109 |   975 ||  2530
       Triple crossbow   |       |       |       |       |       |    91 ||    91
Throw: Dart              |       |     9 |     5 |       |       |       ||    14
       Throwing net      |       |       |       |     1 |       |       ||     1
Invok: Divine Shield     |       |       |     1 |     2 |     1 |     9 ||    13
       Summon Divine War |       |       |       |       |       |     7 ||     7
Evoke: Wand              |       |       |    22 |     7 |     6 |       ||    35
       Lightning rod     |       |       |     4 |     2 |       |       ||     6
       Box of beasts     |       |       |       |     1 |     1 |       ||     2
  Use: Scroll            |       |       |    11 |    14 |    16 |    21 ||    62
       Potion            |       |       |       |       |     8 |    11 ||    19
Armor: Leather armour    |    10 |    30 |    35 |    23 |    32 |       ||   130
       Ring mail         |       |       |       |    28 |    66 |       ||    94
       Robe              |       |       |       |     1 |       |       ||     1
       Scale mail        |       |       |       |       |   119 |   278 ||   397
Dodge: Dodged            |    21 |    71 |    66 |   139 |   556 |   646 ||  1499
Block: Other             |       |       |       |     2 |     4 |    88 ||    94

Levels and vault maps discovered:
D:1:      scummos_arrival_simple_fountains, layout_loops_corners
D:2:      layout_rooms, shapermc_ecumenical_altar_starsandcircs
D:3:      layout_loops_ring, zin_academy, serial_shops,
          nicolae_shop_advertising_works [nicolae_subvault_shop_adworks],
          uniq_sigmund
D:4:      layout_loops_corners, gammafunk_temple_of_torment,
          mainiacjoe_overflow_cross_hatched, nicolae_ru_path_of_blood,
          gup_sewer_entry_spiral
D:5:      layout_layer_cave, chequers_serial_rivers_small_3, st_stairs_7
D:6:      layout_loops_ring, kennysheep_mini, kennysheep_generic_room_9
D:7:      layout_loops_ring, minmay_temple_entry_sparse_star, enter_bailey_5
D:8:      layout_loops_corners, led_xom_imps, nicolae_stop_n_shop_2
D:9:      layout_loops_ring, evilmike_minifort, uniq_gastronok
D:10:     layout_gridville, due_lair_maze_entry_diamond, minmay_microvault
D:11:     layout_roguey, david_orc_4, tgw_sif
D:12:     layout_cave_pools, serial_co_window_serial, co_window_corner_a,
          co_window_paths_a, co_window_paths_a, co_window_of_opportunity_a,
          co_window_paths_b, co_window_corner_a, co_window_paths_a,
          co_window_2corner, co_window_corner_b, co_window_broadway_b,
          co_window_corner_b, co_window_4corner_a, glass_columns_b,
          glass_columns_a, glass_columns_c, glass_columns_a, glass_columns_a
D:13:     minmay_the_grid_triangle_9x9_recursive_3_mashed
          [minmay_the_grid_triangle_9x9_swiss_cheese,
          minmay_the_grid_triangle_9x9_warning,
          minmay_the_grid_triangle_9x9_fully_insulated_deathbox,
          minmay_the_grid_triangle_9x9_prize_schism,
          minmay_the_grid_triangle_9x9_from_above,
          minmay_the_grid_triangle_9x9_sparse_checkered,
          minmay_the_grid_triangle_9x9_semitri,
          minmay_the_grid_triangle_9x9_pentomino_pain,
          minmay_the_grid_triangle_9x9_flanged_cone], layout_basic,
          bh_circular_ruins, uniq_josephine, uniq_urug, uniq_lodul
D:14:     layout_rooms, david_vaults_3, minmay_protected_statue
D:15:     grunt_enter_depths_giant_problem, layout_basic,
          hangedman_decor_riveting, serial_ice, serial_ice_h, serial_ice_j,
          serial_ice_d, serial_ice_a, serial_ice_f, serial_ice_m,
          nicolae_trove_entry_crystal, uniq_roxanne
Lair:1:   layout_roguey, gauntlet_entry_generic, serial_bayou_shore_b
Lair:2:   layout_chaotic_city
Lair:3:   layout_loops_ring, elwin_shoals_entry_stream,
          nicolae_spider_entry_non_spiders, uniq_snorg
Lair:4:   layout_roguey, slime_entry_1, nicolae_volcano_entry_lava_flow
Lair:5:   hellmonk_lair_end_abyssal_woods, layout_small_grid, basic_altar,
          gammafunk_ghost_necromancy, columned_hall_lemuel,
          grunt_forest_large_clearing_hut, lemuel_fruit_tree, uniq_nessos
Shoals:1: layout_shoals, minmay_shop_mass
Shoals:2: layout_shoals, serial_shops, bzr_entry_dummy, uniq_ilsuiw
Shoals:3: layout_shoals
Shoals:4: shoals_end_grunt_ice, layout_shoals, nicolae_shoals_hunting_party,
          uniq_mlioglotl, uniq_mara
Spider:1: layout_spider_delve
Spider:2: layout_spider_delve, nicolae_spider_cling_halls, uniq_nikola,
          uniq_asterion
Spider:3: layout_spider_delve, uniq_bai_suzhen, uniq_louise
Spider:4: spider_rune_water, nicolae_spider_jagged_tunnels
Orc:1:    layout_caves, basic_altar
Orc:2:    grunt_orc_tribal_feast, layout_diamond_mine, serial_shops, shop

Notes
Turn   | Place    | Note
-------+----------+-------------------------------------------
     0 | D:1      | Isauros the Minotaur Hunter began the quest for the Orb.
     0 | D:1      | Reached XP level 1. HP: 18/18 MP: 0/0
    27 | D:1      | You fall into a shaft and drop 1 floor!
    36 | D:2      | Reached skill level 5 in Ranged Weapons
    36 | D:2      | Reached XP level 2. HP: 25/25 MP: 1/1
   970 | D:2      | Reached XP level 3. HP: 30/30 MP: 2/2
  1053 | D:2      | Found a faded altar of an unknown god.
  1169 | D:2      | Reached skill level 6 in Ranged Weapons
  1428 | D:2      | Reached XP level 4. HP: 37/37 MP: 3/3
  1638 | D:3      | Noticed a phantom
  1656 | D:3      | Killed a phantom
  1657 | D:3      | Reached skill level 7 in Ranged Weapons
  1657 | D:3      | Reached XP level 5. HP: 32/42 MP: 4/4
  1748 | D:3      | Found Nimos's Book Shoppe.
  1833 | D:3      | Noticed Sigmund
  2124 | D:3      | Found a glowing silver altar of Zin.
  2703 | D:4      | Found a radiant altar of Vehumet.
  2742 | D:4      | Reached skill level 8 in Ranged Weapons
  2742 | D:4      | Reached XP level 6. HP: 43/50 MP: 5/5
  2745 | D:4      | Found a transporter.
  2780 | D:4      | Found an ancient bone altar of Kikubaaqudgha.
  2784 | D:4      | Noticed Menkaure
  2791 | D:4      | Found a basalt altar of Yredelemnul.
  2794 | D:4      | Found a transporter.
  2815 | D:4      | Noticed a steam dragon
  2999 | D:4      | Found a glowing drain.
  3003 | Sewer    | Entered a sewer
  3109 | Sewer    | Noticed Pargi
  3123 | Sewer    | Killed Pargi
  3124 | Sewer    | Reached skill level 9 in Ranged Weapons
  3250 | Sewer    | Reached XP level 7. HP: 48/56 MP: 6/6
  3389 | D:4      | Found a sacrificial altar of Ru.
  3633 | D:4      | Identified the +9 quarterstaff of Instant Death {vorpal,
                  | Str-3 Int+4 Dex+7}
  3960 | D:3      | Killed Sigmund
  3961 | D:3      | Reached skill level 10 in Ranged Weapons
  4216 | D:5      | Entered Level 5 of the Dungeon
  4872 | D:5      | Reached skill level 11 in Ranged Weapons
  4876 | D:5      | Reached XP level 8. HP: 61/62 MP: 7/7
  4979 | D:5      | Got Sif Muna's Cyclopedia of Planar Beguiling
  5549 | D:6      | Reached skill level 12 in Ranged Weapons
  6054 | D:6      | Reached skill level 13 in Ranged Weapons
  6388 | D:6      | Found a glowing golden altar of the Shining One.
  6391 | D:6      | Became a worshipper of the Shining One
  6545 | D:6      | Reached XP level 9. HP: 50/68 MP: 8/8
  6549 | D:6      | HP: 6/64 [wight/+0 short sword (5)]
  7687 | D:7      | Reached skill level 14 in Ranged Weapons
  7786 | D:7      | Found a staircase to the Ecumenical Temple.
  7814 | D:7      | Found a flagged portal.
  7852 | Bailey   | Entered a bailey
  8055 | Bailey   | Noticed an orc knight
  8074 | Bailey   | Killed an orc knight
  8075 | Bailey   | Reached skill level 15 in Ranged Weapons
  8111 | Bailey   | Noticed an orc knight
  8111 | Bailey   | Reached * piety under the Shining One
  8130 | Bailey   | HP: 4/68 [orc knight/+0 glaive (17)]
  8826 | D:7      | Reached XP level 10. HP: 20/74 MP: 9/9
  9242 | D:8      | Reached skill level 16 in Ranged Weapons
  9281 | D:8      | Reached skill level 1 in Stealth
  9846 | D:8      | Found Arecy's Magic Scroll Shop.
  9857 | D:8      | Bought a scroll of noise for 14 gold pieces
  9857 | D:8      | Bought a scroll of brand weapon for 133 gold pieces
  9857 | D:8      | Bought a scroll of silence for 133 gold pieces
  9885 | D:8      | Found a shimmering altar of Xom.
 10751 | D:9      | Noticed Gastronok
 11021 | D:9      | Noticed a centaur warrior
 11366 | D:10     | Entered Level 10 of the Dungeon
 11372 | D:10     | Reached skill level 17 in Ranged Weapons
 11382 | D:10     | Reached ** piety under the Shining One
 11468 | D:10     | Noticed a two-headed ogre
 11474 | D:10     | Killed a two-headed ogre
 11845 | D:10     | Noticed a two-headed ogre
 11850 | D:10     | Killed a two-headed ogre
 11851 | D:10     | Reached skill level 18 in Ranged Weapons
 11851 | D:10     | Reached skill level 3 in Fighting
 11851 | D:10     | Reached skill level 1 in Armour
 11851 | D:10     | Reached skill level 1 in Invocations
 11932 | D:10     | Reached XP level 11. HP: 82/82 MP: 9/11
 11937 | D:10     | Reached skill level 3 in Dodging
 11970 | D:10     | Reached skill level 2 in Armour
 11977 | D:10     | Reached skill level 2 in Stealth
 12278 | D:10     | Noticed a two-headed ogre
 12282 | D:10     | Killed a two-headed ogre
 12283 | D:10     | Reached skill level 2 in Invocations
 12414 | D:10     | Reached skill level 4 in Fighting
 12448 | D:9      | Reached skill level 3 in Armour
 12721 | D:10     | Found a staircase to the Lair.
 12752 | D:10     | Noticed a boulder beetle
 12854 | D:10     | Killed a boulder beetle
 12855 | D:10     | Reached skill level 4 in Dodging
 12855 | D:10     | Reached skill level 3 in Invocations
 12923 | D:10     | Reached skill level 3 in Stealth
 12937 | D:10     | Noticed a two-headed ogre
 12942 | D:10     | Killed a two-headed ogre
 12943 | D:10     | Reached skill level 4 in Armour
 13285 | D:4      | Killed Menkaure
 13557 | D:4      | Reached skill level 5 in Fighting
 13792 | D:9      | Reached *** piety under the Shining One
 13793 | D:9      | Noticed a two-headed ogre
 13867 | D:9      | Killed Gastronok
 13970 | D:9      | Reached skill level 5 in Dodging
 13975 | D:9      | Reached skill level 4 in Invocations
 14352 | D:9      | Killed a two-headed ogre
 14445 | D:9      | Reached skill level 5 in Armour
 14455 | D:9      | Reached skill level 4 in Stealth
 14844 | D:11     | Noticed a two-headed ogre
 14848 | D:11     | Killed a two-headed ogre
 14849 | D:11     | Reached XP level 12. HP: 63/95 MP: 14/14
 15084 | D:11     | Reached skill level 6 in Fighting
 15144 | D:11     | Found a staircase to the Orcish Mines.
 15233 | D:11     | Identified a scroll of acquirement
 15279 | D:11     | Found a shimmering blue altar of Sif Muna.
 15476 | D:9      | Killed a centaur warrior
 15583 | Lair:1   | Entered Level 1 of the Lair of Beasts
 15604 | Lair:1   | Found a gate leading to a gauntlet.
 15618 | Gauntlet | Entered a Gauntlet
 15618 | Gauntlet | Found a transporter.
 15624 | Gauntlet | Found a transporter.
 15627 | Gauntlet | Found a transporter.
 15632 | Gauntlet | Found a transporter.
 15635 | Gauntlet | Found a transporter.
 15639 | Gauntlet | Found a transporter.
 15644 | Gauntlet | Found a transporter.
 15645 | Gauntlet | Found a runed translucent gate.
 15647 | Gauntlet | Found a transporter.
 15648 | Gauntlet | Found a runed translucent gate.
 15649 | Gauntlet | Found a runed translucent gate.
 15651 | Gauntlet | Found a transporter.
 15656 | Gauntlet | Found a transporter.
 15659 | Gauntlet | Found a transporter.
 15663 | Gauntlet | Found a transporter.
 15668 | Gauntlet | Found a transporter.
 15671 | Gauntlet | Found a transporter.
 15788 | Gauntlet | Identified the +0 hat of Midsummer {Int+3}
 15825 | Gauntlet | Reached skill level 6 in Dodging
 15825 | Gauntlet | Reached skill level 5 in Invocations
 15903 | Gauntlet | Reached skill level 6 in Armour
 16054 | Gauntlet | Reached **** piety under the Shining One
 16105 | Gauntlet | Noticed a minotaur
 16112 | Gauntlet | Killed a minotaur
 16113 | Gauntlet | Reached skill level 7 in Fighting
 16113 | Gauntlet | Reached skill level 5 in Stealth
 16133 | Gauntlet | Got Misemotri's Arcane Secrets of Witchery
 16689 | Lair:1   | Reached skill level 7 in Armour
 16756 | Lair:1   | Identified the +5 dagger of the Valley of Death {vamp,
                  | Contam rCorr Int+7 Dex-3}
 16783 | Lair:1   | Noticed a four-headed hydra
 16988 | Lair:1   | Killed a four-headed hydra
 16989 | Lair:1   | Reached skill level 7 in Dodging
 16989 | Lair:1   | Reached skill level 6 in Invocations
 17445 | Lair:2   | You fall into a shaft and drop 1 floor!
 17455 | Lair:3   | Reached skill level 19 in Ranged Weapons
 17458 | Lair:3   | Reached XP level 13. HP: 75/107 MP: 16/16
 17532 | Lair:3   | Reached skill level 8 in Fighting
 17572 | Lair:3   | Reached skill level 6 in Stealth
 18210 | Lair:3   | Found a staircase to the Shoals.
 18403 | Lair:3   | Reached skill level 8 in Armour
 18674 | Lair:3   | Found a hole to the Spider Nest.
 18873 | Lair:4   | Reached skill level 8 in Dodging
 18890 | Lair:4   | Reached skill level 7 in Invocations
 18920 | Lair:4   | Found a dark tunnel.
 18925 | Volcano  | Entered a volcano
 19049 | Volcano  | Noticed a stone giant
 19053 | Volcano  | Killed a stone giant
 19054 | Volcano  | Reached skill level 9 in Fighting
 19274 | Lair:4   | Reached ***** piety under the Shining One
 19385 | Lair:4   | Reached skill level 9 in Armour
 19430 | Lair:4   | Found a staircase to the Slime Pits.
 19430 | Lair:4   | Found a viscous altar of Jiyva.
 19858 | Orc:1    | Entered Level 1 of the Orcish Mines
 20066 | D:12     | Reached skill level 7 in Stealth
 20080 | D:12     | Reached XP level 14. HP: 118/118 MP: 18/18
 21052 | D:11     | Reached skill level 9 in Dodging
 21336 | D:13     | Noticed Josephine
 21336 | D:13     | Noticed Lodul
 21348 | D:12     | Killed Josephine
 21349 | D:12     | Reached skill level 8 in Invocations
 21727 | D:13     | Reached skill level 10 in Fighting
 22133 | D:13     | Noticed Urug
 22139 | D:13     | Killed Urug
 22316 | D:13     | Reached skill level 10 in Armour
 22349 | D:13     | Found a runed translucent door.
 22352 | D:13     | Identified 3 potions of resistance
 22373 | D:13     | Identified the ring "Zumip" {Drain rPois rN+ rCorr Dex+4}
 22468 | D:13     | Found a runed translucent door.
 22470 | D:13     | Found a runed translucent door.
 22476 | D:13     | Identified the +3 hand axe of Action {holy, Contam Dex+4
                  | SInv Stlth+}
 22502 | D:13     | Identified the +8 long sword "Qurph" {venom, rElec}
 22580 | D:13     | Killed Lodul
 22781 | D:13     | Reached ****** piety under the Shining One
 22973 | D:13     | Reached skill level 20 in Ranged Weapons
 22973 | D:13     | Reached skill level 10 in Dodging
 22973 | D:13     | Reached skill level 8 in Stealth
 23793 | Orc:1    | Reached skill level 11 in Fighting
 23793 | Orc:1    | Reached skill level 9 in Invocations
 24027 | D:14     | Noticed Rupert
 24027 | D:14     | Found a gate to the Vaults.
 24154 | D:14     | Reached XP level 15. HP: 104/129 MP: 20/20
 24527 | Lair:5   | Entered Level 5 of the Lair of Beasts
 24527 | Lair:5   | Found a runed translucent gate.
 24527 | Lair:5   | Found a runed translucent gate.
 24527 | Lair:5   | Found a runed translucent gate.
 24553 | Lair:5   | Found a broken altar of Ashenzari.
 24722 | Lair:5   | Reached skill level 11 in Armour
 24847 | Lair:5   | Identified the +8 long sword of Stained Defiance {venom,
                  | rCorr}
 24921 | Lair:5   | Noticed Nessos
 24930 | Lair:5   | Killed Nessos
 25341 | Lair:5   | Found a corrupted altar of Lugonu.
 25341 | Lair:5   | Found a one-way gate to the infinite horrors of the Abyss.
 25850 | Lair:5   | Noticed PanSaczeczos's ghost (journeyman GnWn)
 25889 | Lair:5   | Reached skill level 11 in Dodging
 25891 | Lair:5   | Reached skill level 9 in Stealth
 26002 | Lair:5   | Killed PanSaczeczos's ghost
 26148 | D:14     | Reached skill level 12 in Fighting
 26201 | D:14     | Reached skill level 10 in Invocations
 26215 | D:14     | Identified the ring "Ycvazaca" {rPois Slay+4}
 26345 | D:14     | Found the +6 Majin-Bo {vamp, MP+6 Int+6}
 26561 | D:13     | Killed Rupert
 26978 | Orc:2    | Entered Level 2 of the Orcish Mines
 27106 | Orc:2    | Identified a +1 robe of the Archmagi
 27152 | Orc:2    | Reached skill level 12 in Armour
 27183 | Orc:2    | Found Duadd's Book Boutique.
 27193 | Orc:2    | Found a staircase to the Elven Halls.
 27435 | Orc:2    | Found Toblihow's Magic Scroll Shop.
 27435 | Orc:2    | Found Poagaucs's Antique Weapon Emporium.
 27437 | Orc:2    | Found Ulal Ugh's Armour Shop.
 27437 | Orc:2    | Found Mulim's Armour Emporium.
 27443 | Orc:2    | Bought a scroll of teleportation for 51 gold pieces
 27443 | Orc:2    | Bought a scroll of enchant weapon for 127 gold pieces
 27443 | Orc:2    | Bought a scroll of poison for 68 gold pieces
 27443 | Orc:2    | Bought a scroll of blinking for 127 gold pieces
 27443 | Orc:2    | Bought a scroll of silence for 161 gold pieces
 27443 | Orc:2    | Bought a scroll of teleportation for 51 gold pieces
 27450 | Orc:2    | Bought a +2 scale mail of cold resistance for 315 gold
                  | pieces
 27641 | D:15     | Entered Level 15 of the Dungeon
 27699 | D:15     | Reached XP level 16. HP: 141/141 MP: 22/22
 27748 | D:15     | Found a staircase to the Depths.
 27934 | D:15     | Found a portal to a secret trove of treasure.
 28322 | D:15     | Identified the +2 leather armour "Weuxken" {rF+ Str+4}
 28347 | D:15     | Identified Roxanne's Almanac of Transmutation
 28347 | D:15     | Noticed Roxanne
 28690 | D:15     | You paid a toll of 8 potions of haste to enter a treasure
                  | trove
 28691 | Trove    | Entered a treasure trove
 28706 | Trove    | Gained mutation: You sometimes lose your temper in combat.
                  | [a shining eye]
 28708 | Trove    | Identified the +0 crystal plate armour of Wariness {rN+}
 28727 | Trove    | Identified the +0 leather armour of Magic {Regen+}
 28734 | Trove    | Identified the +9 triple crossbow of the Leaping Wasp
                  | {freeze, rPois rCorr Stlth+}
 28775 | Trove    | Acquired the -2 hat of the Alchemist {rElec rPois rF+ rC+
                  | rN+ Will+ rMut rCorr}
 28775 | Trove    | Found the -2 hat of the Alchemist {rElec rPois rF+ rC+ rN+
                  | Will+ rMut rCorr}
 28939 | Spider:1 | Entered Level 1 of the Spider Nest
 29039 | Spider:1 | Reached skill level 21 in Ranged Weapons
 29605 | Shoals:1 | Entered Level 1 of the Shoals
 29872 | Shoals:1 | Found Sucacootwa's Mass Market.
 29884 | Shoals:1 | Reached skill level 22 in Ranged Weapons
 30440 | Lair:3   | Noticed Snorg
 30444 | Lair:3   | Killed Snorg
 31254 | Spider:2 | Noticed Nikola
 31266 | Spider:2 | Killed Nikola
 31646 | Spider:2 | Noticed Asterion
 31713 | Spider:2 | Killed Asterion
 31714 | Spider:2 | Reached skill level 23 in Ranged Weapons
 32400 | Spider:3 | Reached XP level 17. HP: 148/148 MP: 23/23
 32664 | Spider:3 | Noticed Bai Suzhen
 33019 | Spider:3 | Noticed Louise
 33028 | Spider:3 | Killed Louise
 33188 | Spider:3 | Acquired a manual of Dodging
 34098 | Shoals:2 | Found a flickering gateway to a bazaar.
 34120 | Bazaar   | Entered a bazaar
 34120 | Bazaar   | Found Urheopn's Weapon Shop.
 34120 | Bazaar   | Found Qaytesk's Armour Boutique.
 34120 | Bazaar   | Found Decwe's Book Boutique.
 34120 | Bazaar   | Found Nipsumol's Antique Armour Boutique.
 34120 | Bazaar   | Found Maulak's Assorted Antiques.
 34150 | Bazaar   | Bought a scroll of enchant weapon for 172 gold pieces
 34150 | Bazaar   | Bought a scroll of noise for 23 gold pieces
 34150 | Bazaar   | Bought a potion of ambrosia for 184 gold pieces
 34150 | Bazaar   | Bought a scroll of noise for 23 gold pieces
 34150 | Bazaar   | Bought a scroll of teleportation for 69 gold pieces
 34157 | Bazaar   | Bought a glowing scale mail for 196 gold pieces
 34160 | Bazaar   | Bought the +7 Kryia's mail coat {PotionHeal*2 rC+} for 1680
                  | gold pieces
 34160 | Bazaar   | Found the +7 Kryia's mail coat {PotionHeal*2 rC+}
 34418 | Shoals:2 | Noticed Ilsuiw
 34463 | Shoals:2 | Killed Ilsuiw
 34521 | Shoals:2 | Identified the ring "Wewyek" {Ice Slay+3}
 34716 | Shoals:2 | Reached skill level 24 in Ranged Weapons
 35469 | Shoals:3 | Noticed a kraken
 35567 | Shoals:3 | Killed a kraken
 35992 | Spider:3 | Killed Bai Suzhen
 36240 | Spider:4 | Entered Level 4 of the Spider Nest
 36289 | Spider:3 | Reached skill level 25 in Ranged Weapons
 37114 | Spider:4 | Reached XP level 18. HP: 145/156 MP: 0/24
 37120 | Spider:4 | Reached skill level 26 in Ranged Weapons
 37365 | Spider:4 | Got the Vademecum on the Unified Sky
 37402 | Spider:4 | Reached skill level 12 in Dodging
 37566 | Spider:4 | Got a gossamer rune of Zot
 37931 | Shoals:4 | Entered Level 4 of the Shoals
 37939 | Shoals:4 | HP: 6/133 [merfolk javelineer/silver javelin (19)]
 37939 | Shoals:4 | Hit by a silver javelin thrown by a merfolk javelineer

Vanquished Creatures
  Bai Suzhen (Spider:3)
  Nikola (Spider:2)
  Rupert (D:13)
  Asterion (Spider:2)
  A kraken (Shoals:3)
  Gastronok (D:9)
  2 emperor scorpions (Spider:4)
  5 ghost moths
  Louise (Spider:3)
  2 stone giants
  A broodmother (Spider:4)
  Nessos (Lair:5)
  A minotaur (Gauntlet)
  3 entropy weavers (Spider:4)
  A spark wasp (Spider:4)
  An ettin (Orc:1)
  The ghost of PanSaczeczos the Prestidigitator, a journeyman GnWn of Gozag (Lair:5)
  Snorg (Lair:3)
  7 merfolk impalers
  2 fire dragons (D:13)
  Josephine (D:12)
  10 boulder beetles
  7 hydras
  3 jorogumos
  2 radroaches
  3 merfolk avatars
  3 catoblepae
  8 two-headed ogres
  9 centaur warriors
  2 death knights
  A tengu warrior (D:13)
  2 satyrs (Shoals:3)
  An alligator snapping turtle (Shoals:3)
  3 thrashing horrors (Lair:5)
  3 orc high priests (Orc:2)
  Urug (D:13)
  2 pharaoh ants
  4 skeletal warriors
  2 sun moths (Spider:4)
  6 steelbarb worms
  A fire crab (Gauntlet)
  Lodul (D:13)
  7 orb spiders
  11 sea snakes
  An obsidian statue (D:14)
  2 spectral hydras (Lair:5)
  7 orc knights
  3 deep elf pyromancers
  A lindwurm (Lair:5)
  3 orc sorcerers (Orc:2)
  13 wolf spiders
  2 wizards (Gauntlet)
  5 fauns (Shoals:2)
  14 manticores
  10 ugly things
  2 shining eyes (Trove)
  7 merfolk sirens
  14 cyclopes
  14 elephants
  3 moths of wrath
  2 water nymphs
  16 cane toads
  7 torpor snails
  7 black mambas
  2 gargoyles (Volcano)
  An ice statue (Gauntlet)
  2 smoke demons (Lair:5)
  An unseen horror (shapeshifter) (D:14)
  6 demonic crawlers
  2 unseen horrors
  2 kobold demonologists
  3 rime drakes
  2 efreet
  5 komodo dragons
  2 tengu conjurers (D:13)
  2 ancient zymes (Lair:5)
  11 trolls
  2 polar bears (D:15)
  2 meliai (Spider:4)
  21 merfolk
  2 wind drakes
  8 hornets
  30 tarantellas
  18 dream sheep
  13 blink frogs
  17 slime creatures
  9 snapping turtles
  16 jumping spiders
  Sigmund (D:3)
  15 culicivoras
  2 ynoxinuls (Lair:5)
  2 shadows
  40 yaks
  2 spriggans (Lair:5)
  7 water elementals
  16 humans
  6 wraiths
  7 basilisks
  2 wyverns
  2 steam dragons
  7 vampire mosquitoes
  2 chaos spawn (Lair:5)
  3 fire bats (Gauntlet)
  59 redbacks
  2 wargs (D:11)
  Menkaure (D:4)
  4 acid dragons
  21 water moccasins
  34 orc warriors
  Pargi (Sewer)
  9 small abominations (Lair:5)
  A black mamba simulacrum (Lair:5)
  5 ice beasts
  A sky beast (D:6)
  7 black bears
  19 wolves
  14 ogres
  5 centaurs
  2 phantoms
  14 bullfrogs
  4 kobold brigands
  2 gnoll sergeants
  2 necrophages
  7 scorpions
  2 earth elementals (Volcano)
  22 wights
  A cane toad simulacrum (Lair:5)
  A hornet simulacrum (D:15)
  A dream sheep simulacrum (Lair:5)
  3 killer bees (D:8)
  8 electric eels
  4 howler monkeys
  4 crimson imps (D:8)
  A torpor snail simulacrum (Lair:5)
  6 hounds
  3 jellies (Gauntlet)
  22 orc priests
  3 gnoll boudas
  2 iguanas
  22 orc wizards
  6 hell rats (Lair:4)
  2 human simulacra (D:13)
  11 adders
  20 gnolls
  5 shadow imps
  8 white imps
  2 ufetubi
  An adder zombie (D:4)
  3 worms
  3 dart slugs
  86 orcs
  6 bats
  3 endoplasms
  4 giant cockroaches
  8 goblins
  7 hobgoblins
  6 quokkas
  6 ball pythons
  3 frilled lizards
  10 kobolds
  8 rats
  A tentacle (Shoals:3)
1082 creatures vanquished.

Vanquished Creatures (collateral kills)
  An emperor scorpion (Spider:4)
  Ilsuiw (Shoals:2)
  2 entropy weavers (Spider:4)
  A merfolk avatar (Shoals:2)
  A pharaoh ant (Spider:4)
  An orb spider (Spider:4)
  2 wolf spiders (Spider:4)
  2 merfolk sirens (Shoals:2)
  A meliai (Spider:4)
  2 tarantellas (Spider:4)
  A merfolk (Shoals:2)
  A jumping spider (Spider:4)
  4 redbacks (Spider:4)
  A phantom (D:4)
  A wight (D:4)
  2 adder zombies (D:4)
  2 orcs (Orc:1)
26 creatures vanquished.

Vanquished Creatures (others)
  A spark wasp (Spider:4)
  A culicivora (Spider:2)
  A wraith (D:13)
  66 fungi
  129 plants
  20 tentacles (Shoals:3)
218 creatures vanquished.

Grand Total: 1326 creatures vanquished

Table legend: (Time is in decaauts)
 A = Elapsed time spent in this place.
 B = Non-inter-level travel time spent in this place.
 C = Inter-level travel time spent in this place.
 D = Time resting spent in this place.
 E = Time spent auto-exploring this place.
 F = Levels seen in this place.
 G = Mean time per level.
                   A        B        C        D        E       F      G
               +--------+--------+--------+--------+--------+-----+--------+
         Total |  38639 |  32613 |   6026 |   4370 |  16930 |  36 | 1073.3 |
       Dungeon |  21475 |  17308 |   4167 |   2519 |   8621 |  15 | 1431.7 |
          Lair |   5392 |   4738 |    654 |    242 |   2704 |   5 | 1078.4 |
        Shoals |   2975 |   2590 |    385 |    192 |   1617 |   4 |  743.8 |
   Spider Nest |   5843 |   5106 |    737 |    993 |   2779 |   4 | 1460.8 |
  Orcish Mines |    938 |    857 |     81 |      4 |    560 |   2 |  469.0 |
        Bazaar |     55 |     55 |      0 |      0 |     28 |   1 |   55.0 |
         Trove |    108 |    108 |      0 |      0 |     31 |   1 |  108.0 |
         Sewer |    307 |    307 |      0 |      0 |    241 |   1 |  307.0 |
        Bailey |    670 |    670 |      0 |    341 |     73 |   1 |  670.0 |
       Volcano |    222 |    222 |      0 |      0 |     66 |   1 |  222.0 |
      Gauntlet |    648 |    648 |      0 |     78 |    209 |   1 |  648.0 |
               +--------+--------+--------+--------+--------+-----+--------+

Top non-repeatable levels by time:
    D:13: 2470 daAuts
     D:6: 2131 daAuts
     D:9: 1861 daAuts
    D:10: 1779 daAuts
    D:11: 1705 daAuts
     D:4: 1686 daAuts
Spider:1: 1680 daAuts
     D:8: 1673 daAuts
Spider:4: 1509 daAuts
Spider:3: 1480 daAuts
  Lair:5: 1454 daAuts
     D:5: 1378 daAuts
  Lair:3: 1342 daAuts
     D:3: 1304 daAuts
Spider:2: 1173 daAuts

Table legend:
 A = Non-vault XP
 B = Vault XP
 C = Vault XP percentage of total XP
 D = Non-vault monster count
 E = Vault monster count
 F = Vault count percentage of total count
                 A         B        C        D         E       F
            +---------+---------+-------+---------+---------+-------
      Total |  190948 |  117600 |  38.1 |     746 |     363 |  32.7
            +---------+---------+-------+---------+---------+-------
        D:1 |      16 |       0 |   0.0 |      12 |       0 |   0.0
        D:2 |     120 |       0 |   0.0 |      24 |       0 |   0.0
        D:3 |     193 |     239 |  55.3 |      17 |       1 |   5.6
        D:4 |     457 |     377 |  45.2 |      15 |      13 |  46.4
        D:5 |     641 |      13 |   2.0 |      18 |       1 |   5.3
        D:6 |    1369 |      88 |   6.0 |      31 |       2 |   6.1
        D:7 |     409 |       6 |   1.4 |      10 |       4 |  28.6
        D:8 |     873 |     194 |  18.2 |      16 |       4 |  20.0
        D:9 |    2248 |    4351 |  65.9 |      24 |      12 |  33.3
       D:10 |    6318 |    2512 |  28.4 |      23 |      11 |  32.4
       D:11 |    3894 |     670 |  14.7 |      26 |      14 |  35.0
       D:12 |    7166 |    1366 |  16.0 |      21 |       4 |  16.0
       D:13 |    5352 |   27022 |  83.5 |      16 |      65 |  80.2
       D:14 |    3294 |    3298 |  50.0 |       5 |       9 |  64.3
       D:15 |   10744 |    2564 |  19.3 |      22 |      13 |  37.1
     Lair:1 |    5821 |       0 |   0.0 |      22 |       0 |   0.0
     Lair:2 |    1004 |       0 |   0.0 |       5 |       0 |   0.0
     Lair:3 |   10288 |    2552 |  19.9 |      35 |      13 |  27.1
     Lair:4 |   10938 |       0 |   0.0 |      49 |       0 |   0.0
     Lair:5 |   13325 |   15900 |  54.4 |      40 |      45 |  52.9
   Shoals:1 |   14753 |       0 |   0.0 |      29 |       0 |   0.0
   Shoals:2 |   12936 |    3665 |  22.1 |      28 |       5 |  15.2
   Shoals:3 |   17905 |       0 |   0.0 |      37 |       0 |   0.0
   Shoals:4 |       0 |     908 | 100.0 |       0 |       1 | 100.0
   Spider:1 |   20177 |       0 |   0.0 |      65 |       0 |   0.0
   Spider:2 |    7127 |    3866 |  35.2 |      20 |       2 |   9.1
   Spider:3 |    8916 |    4245 |  32.3 |      23 |       2 |   8.0
   Spider:4 |   19746 |   24923 |  55.8 |      49 |      47 |  49.0
      Orc:1 |    2118 |       0 |   0.0 |      26 |       0 |   0.0
      Orc:2 |    2270 |    7610 |  77.0 |      37 |      30 |  44.8
      Trove |       0 |    1041 | 100.0 |       0 |       2 | 100.0
      Sewer |       0 |     233 | 100.0 |       0 |       7 | 100.0
     Bailey |       0 |    1923 | 100.0 |       0 |      29 | 100.0
    Volcano |       0 |    2495 | 100.0 |       0 |       6 | 100.0
   Gauntlet |     530 |    5539 |  91.3 |       1 |      21 |  95.5
            +---------+---------+-------+---------+---------+-------
